 Dungeon Crawl Stone Soup version 0.24-a0-235-g3f03afc (webtiles) character file.

Game seed: 10717691643375776957

14207 Snicker the Carver (level 11, -10/93 HPs)
             Began as a Demonspawn Assassin on Apr 5, 2019.
             Was a High Priest of Okawaru.
             Shot with an arrow by Nessos (15 damage)
             ... on level 2 of the Orcish Mines on Apr 7, 2019.
             The game lasted 00:47:54 (14383 turns).

Snicker the Carver (Demonspawn Assassin)           Turns: 14383, Time: 00:47:55

Health: -10/93     AC: 11    Str: 22    XL:     11   Next: 85%
Magic:  0/26       EV: 15    Int: 20    God:    Okawaru [*****.]
Gold:   410        SH:  0    Dex: 13    Spells: 5/10 levels left

rFire    . . .     SeeInvis .   c - +8 falchion "Vob Luig" {pain, rElec rPois Int+4}
rCold    . . .     Gourm    .   (no shield)
rNeg     . . .     Faith    .   D - +6 ring mail of Atzilied {rPois Str+2 Dex-3}
rPois    +         Spirit   +   (no helmet)
rElec    +         Reflect  .   u - scarf {Spirit}
rCorr    .         Harm     .   (gloves unavailable)
MR       .....                  (no boots)
Stlth    ++++++....             t - amulet "Ziasewat" {Regen+ Slay+3}
HPRegen  0.65/turn              B - ring "Utat" {rPois MP+9 Str+4 Int+2}
MPRegen  0.20/turn              A - ring "Witin" {rPois Str+4 Stlth+}

@: lethally poisoned (-10 -> -11)
A: claws 3, nightstalker 1, powered by death 1, robust 1, sturdy frame 2
a: Heroism, Finesse, Renounce Religion


You were on level 2 of the Orcish Mines.
You worshipped Okawaru.
Okawaru was extremely pleased with you.
You were not hungry.

You visited 3 branches of the dungeon, and saw 13 of its levels.
You also visited: Ossuary.

You collected 1163 gold pieces.
You spent 753 gold pieces at shops.

Inventory:

Hand Weapons
 a - a +3 dagger of speed
 b - a +0 blowgun
 c - the +8 falchion "Vob Luig" (weapon) {pain, rElec rPois Int+4}
   (You bought it in a shop on level 6 of the Dungeon)

   In the hands of one skilled in necromantic magic, it inflicts extra damage on
   living creatures.
   It affects your intelligence (+4).
   It insulates you from electricity.
   It protects you from poison.
 k - a +2 dagger
 y - a +3 dagger
 z - a +0 short sword of venom
Missiles
 e - 22 poisoned needles
 f - 2 curare-tipped needles
 p - 17 tomahawks
 O - 4 silver javelins (quivered)
Armour
 d - a +0 cloak
 l - a +1 ring mail
 u - a scarf of spirit shield (worn)
 D - the +6 ring mail of Atzilied (worn) {rPois Str+2 Dex-3}
   (You found it on level 6 of the Dungeon)

   It affects your strength (+2).
   It affects your dexterity (-3).
   It protects you from poison.
Jewellery
 i - an uncursed amulet of regeneration
 j - a +4 ring of protection
 r - the amulet "Gimi" {Gourm rN+ Int+7}
   (You found it on level 4 of the Dungeon)

   [amulet of the gourmand]

   It allows you to eat raw meat even when not hungry.
   It affects your intelligence (+7).
   It protects you from negative energy.
 t - the amulet "Ziasewat" (around neck) {Regen+ Slay+3}
   (You bought it in a shop on level 2 of the Orcish Mines)

   [amulet of regeneration]

   It affects your accuracy and damage with ranged weapons and melee attacks
   (+3).
   It increases your rate of regeneration.
 A - the ring "Witin" (right claw) {rPois Str+4 Stlth+}
   (You found it on level 5 of the Dungeon)

   [ring of stealth]

   It affects your strength (+4).
   It protects you from poison.
   It makes you more stealthy.
 B - the ring "Utat" (left claw) {rPois MP+9 Str+4 Int+2}
   (You found it on level 6 of the Dungeon)

   [ring of magical power]

   It affects your strength (+4).
   It affects your intelligence (+2).
   It protects you from poison.
   It affects your magic capacity (+9).
 H - the ring "Huynu" {rElec rC+ EV+6 Str+3}
   (You took it off a centaur on level 7 of the Dungeon)

   [ring of evasion]

   It affects your evasion (+6).
   It affects your strength (+3).
   It protects you from cold.
   It insulates you from electricity.
 K - the amulet of Miggyotu {rF- rC+ MR+ Regen+ Dex+4}
   (You found it on level 8 of the Dungeon)

   [amulet of regeneration]

   It affects your dexterity (+4).
   It makes you vulnerable to fire.
   It protects you from cold.
   It affects your resistance to hostile enchantments.
   It increases your rate of regeneration.
 M - an uncursed amulet of magic regeneration
Wands
 n - a wand of flame (24)
 s - a wand of polymorph (4)
Scrolls
 h - 15 scrolls of identify
 o - 2 scrolls of magic mapping
 q - 2 scrolls of enchant armour
 w - a scroll of teleportation
 G - 2 scrolls of remove curse
 J - a scroll of summoning {unknown}
 N - a scroll of amnesia {unknown}
 P - a scroll of fog {unknown}
Potions
 m - 3 potions of brilliance
 x - a potion of invisibility {unknown}
 C - a potion of berserk rage {unknown}
 E - a potion of lignification {unknown}
 F - a potion of degeneration {unknown}
 I - a potion of haste
Comestibles
 g - 7 rations


   Skills:
 + Level 7.7 Fighting
 - Level 7.5(9.4) Short Blades
 + Level 8.8(10.0) Long Blades
 + Level 2.6 Throwing
 + Level 2.9 Armour
 + Level 6.7 Dodging
 + Level 8.2 Stealth
 * Level 8.4 Invocations
 + Level 0.4 Evocations


You had 5 spell levels left.
You knew the following spells:

 Your Spells              Type           Power        Failure   Level  Hunger
a - Dazzling Spray        Conj/Hex       #.....       52%         3    ####...
b - Sticks to Snakes      Tmut           #.......     30%         2    ###....

Your spell library contained the following spells:

 Spells                   Type           Power        Failure   Level  Hunger
 Beastly Appendage        Tmut           #.....       21%         1    ##.....
 Magic Dart               Conj           #...         21%         1    ##.....
 Sandblast                Erth           #.....       21%         1    ##.....
 Passwall                 Tmut/Erth      #.......     30%         2    ###....
 Searing Ray              Conj           #.....       30%         2    ###....
 Spider Form              Tmut/Pois      #.........   52%         3    ####...
 Stone Arrow              Conj/Erth      #.....       52%         3    ####...
 Force Lance              Conj/Tloc      #.......     90%         4    #####..
 Fulminant Prism          Conj/Hex       #.........   90%         4    #####..
 Ice Form                 Ice/Tmut       #.......     90%         4    #####..
 Iskenderun's Mystic Bla  Conj           #.......     90%         4    #####..
 Petrify                  Tmut/Erth      #.......     90%         4    #####..
 Blade Hands              Tmut           #.........   99%         5    ######.
 Lee's Rapid Deconstruct  Erth           #.........   99%         5    ######.


Dungeon Overview and Level Annotations

Branches:
Dungeon (10/15)            Temple (1/1) D:7            Lair (0/6) D:9
    Orc (2/2) D:9             Elf (0/3) Orc:2

Altars:
Ashenzari
Cheibriados
Dithmenos
Elyvilon
Fedhas
Gozag
Hepliaklqana
Kikubaaqudgha
Makhleb
Nemelex Xobeh
Okawaru
Qazlal
Ru
Sif Muna
Trog
Uskayaw
Vehumet
Wu Jian
Xom
Yredelemnul
Zin
The Shining One

Shops:
D:4 =   D:5 }   D:6 (!:   Orc:2 =(=}

Annotations:
Orc:2 Nessos


Innate Abilities, Weirdness & Mutations

You have claws for hands.
You are slightly more attuned to the shadows.
You regenerate a little health from kills.
You are robust. (+10% HP)
Your movements are less encumbered by armour. (ER -4)


Message History

Nessos shoots an arrow.
The arrow barely misses you.
You see here an arrow.
Unknown command.
Okay, then.
Unknown command.
Unknown command.
Unknown command.
Evoke which item? (* to show all) (? for menu, Esc to quit)
Aiming: Polymorph
Press: ? - help, Shift-Dir - straight line, f - Nessos
Aim: Nessos, wielding a +3 longbow of flaming and wearing a +1 centaur barding (lightly wounded, fast, chance to defeat MR: 47%) Nessos resists with some effort.
You feel sick.
Nessos blinks!
Nessos shoots an arrow.
The arrow misses you.
Evoke which item? (* to show all) (? for menu, Esc to quit)
Aiming: Polymorph
Press: ? - help, Shift-Dir - straight line, f/p - Nessos
Aim: Nessos, wielding a +3 longbow of flaming and wearing a +1 centaur barding (fast, chance to defeat MR: 47%) Nessos resists with some effort.
You feel sick.
Nessos shoots an arrow.
The arrow hits you!
You die...

##. ##### ##.. ..#######
##.#.###... #.
.#.#.#.####.....##...
.#..........#.#..#..#.#..
...........#.....#.......
.....##.....#.#.###......
.............c.## #......
........@.....## .......
.......(..(..## ########
....(..(((..##
..........(##
..........## ..........#
..........+ ..........+
..........#


You could see Nessos.

Vanquished Creatures
  A two-headed ogre (D:8)
  4 orc high priests (Orc:2)
  An orc knight (Orc:2)
  An orc sorcerer (Orc:2)
  2 trolls (Orc:2)
  2 hippogriffs
  Grinder (D:6)
  Prince Ribbit (D:8)
  A spriggan (D:8)
  A wyvern (D:8)
  2 yaks (D:9)
  3 wargs (Orc:1)
  3 water moccasins
  A porcupine (D:9)
  17 orc warriors
  3 ice beasts
  5 black bears
  An eye of draining (D:8)
  2 sky beasts
  7 ogres
  4 phantoms
  A necrophage (D:8)
  4 centaurs
  2 elf zombies (Ossuary)
  5 bullfrogs (D:9)
  2 gnoll sergeants (D:8)
  2 scorpions
  3 centaur zombies
  2 bullfrog zombies
  2 crimson imps
  29 orc priests
  A human zombie (Ossuary)
  2 bullfrog skeletons
  5 hounds
  A jelly (D:9)
  29 orc wizards
  Terence (D:2)
  4 iguanas
  8 worker ants
  A big kobold zombie (Ossuary)
  2 hound zombies
  3 mummies (Ossuary)
  A worker ant zombie (D:6)
  8 adders
  14 gnolls
  A shadow imp (D:8)
  2 oozes (D:2)
  10 adder zombies
  2 adder skeletons
  A worm (D:3)
  A dart slug (D:2)
  6 leopard geckos
  62 orcs
  A ball python (D:1)
  5 giant cockroaches
  A gnoll zombie (Ossuary)
  10 goblins
  10 hobgoblins
  7 jackals
  18 kobolds
  5 quokkas
  12 bats
  3 frilled lizards
  2 goblin zombies (Ossuary)
  2 hobgoblin zombies (Ossuary)
  2 jackal zombies (Ossuary)
  4 kobold zombies (Ossuary)
  An orc zombie (Ossuary)
  6 quokka zombies
  5 rats (D:1)
  2 rat zombies (Ossuary)
376 creatures vanquished.

Vanquished Creatures (others)
  An orc warrior (Orc:1)
  5 fungi (D:9)
  A plant (D:9)
7 creatures vanquished.

Grand Total: 383 creatures vanquished

Notes
Turn   | Place    | Note
-------+----------+-------------------------------------------
     0 | D:1      | Snicker the Demonspawn Assassin began the quest for the
                  | Orb.
     0 | D:1      | Reached XP level 1. HP: 16/16 MP: 1/1
    80 | D:1      | Reached skill level 1 in Dodging
   103 | D:1      | Gained mutation: You are slightly more attuned to the
                  | shadows. [demonic ancestry]
   103 | D:1      | Reached XP level 2. HP: 15/22 MP: 2/2
   995 | D:1      | Gained mutation: You have sharp fingernails. [demonic
                  | ancestry]
   995 | D:1      | Reached XP level 3. HP: 22/27 MP: 3/3
  1610 | D:2      | Noticed Terence
  1652 | D:2      | Killed Terence
  1652 | D:2      | Gained mutation: Your movements are slightly less
                  | encumbered by armour. (ER -2) [demonic ancestry]
  1652 | D:2      | Reached XP level 4. HP: 12/33 MP: 4/4
  2486 | D:4      | Reached skill level 5 in Stealth
  2486 | D:4      | Gained mutation: You have very sharp fingernails. [demonic
                  | ancestry]
  2486 | D:4      | Reached XP level 5. HP: 29/38 MP: 5/5
  2503 | D:4      | Noticed an ogre
  2557 | D:3      | Killed an ogre
  3098 | D:3      | Reached skill level 1 in Armour
  3110 | D:3      | Learned a level 3 spell: Dazzling Spray
  3137 | D:3      | Gained mutation: You have claws for hands. [demonic
                  | ancestry]
  3137 | D:3      | Reached XP level 6. HP: 44/44 MP: 6/6
  3866 | D:3      | Found a white marble altar of Elyvilon.
  4461 | D:4      | Found Tityrphudec's Jewellery Shop.
  4671 | D:4      | Got a sparkling graven amulet
  4679 | D:4      | Gained mutation: Your movements are less encumbered by
                  | armour. (ER -4) [demonic ancestry]
  4679 | D:4      | Reached XP level 7. HP: 47/51 MP: 7/7
  4698 | D:4      | Identified the amulet "Gimi" {Gourm rN+ Int+7} (You found
                  | it on level 4 of the Dungeon)
  4955 | D:5      | Entered Level 5 of the Dungeon
  5713 | D:5      | Found Dyfey's Gadget Boutique.
  5878 | D:5      | Reached skill level 5 in Short Blades
  6249 | D:5      | Gained mutation: You regenerate a little health from kills.
                  | [demonic ancestry]
  6249 | D:5      | Reached XP level 8. HP: 56/58 MP: 8/8
  6409 | D:5      | Got a shimmering steel ring
  6410 | D:5      | Identified the ring "Witin" {rPois Str+4 Stlth+} (You found
                  | it on level 5 of the Dungeon)
  6628 | D:6      | Learned a level 2 spell: Sticks to Snakes
  6632 | D:6      | Got a crude ring mail
  6643 | D:6      | Identified the +2 ring mail "Ichiloth" {-Tele rCorr Stlth+}
                  | (You found it on level 6 of the Dungeon)
  6709 | D:6      | Got a transparent marble ring
  6715 | D:6      | Identified the ring "Utat" {rPois MP+9 Str+4 Int+2} (You
                  | found it on level 6 of the Dungeon)
  6805 | D:6      | Got an ichor-stained ring mail
  6816 | D:6      | Identified the +6 ring mail of Atzilied {rPois Str+2 Dex-3}
                  | (You found it on level 6 of the Dungeon)
  7045 | D:6      | Found Edezun's Book Boutique.
  7214 | D:6      | Found Plog's Antique Weapon Emporium.
  7217 | D:6      | Bought a shimmering falchion for 208 gold pieces
  7217 | D:6      | Identified the +8 falchion "Vob Luig" {pain, rElec rPois
                  | Int+4} (You bought it in a shop on level 6 of the Dungeon)
  7224 | D:6      | Found Qestomoduola's Distillery.
  7387 | D:6      | Noticed Grinder
  7392 | D:6      | Paralysed by Grinder for 5 turns
  7401 | D:6      | Paralysed by Grinder for 7 turns
  7423 | D:6      | Killed Grinder
  7588 | D:7      | Reached skill level 1 in Long Blades
  7701 | D:7      | Found a sand-covered staircase.
  7706 | Ossuary  | Entered an ossuary
  8045 | D:7      | Found an ornate altar of the Wu Jian Council.
  8100 | D:7      | Reached XP level 9. HP: 65/65 MP: 9/9
  8116 | D:7      | Identified the ring "Huynu" {rElec rC+ EV+6 Str+3}
  8153 | D:7      | Found a staircase to the Ecumenical Temple.
  8169 | Temple   | Entered the Ecumenical Temple
  8533 | Temple   | Became a worshipper of Warmaster Okawaru
  8579 | D:7      | Found a glowing silver altar of Zin.
  9182 | D:8      | Noticed a two-headed ogre
  9214 | D:8      | Killed a two-headed ogre
  9214 | D:8      | Reached * piety under Okawaru
  9346 | D:8      | Reached skill level 1 in Invocations
  9367 | D:8      | Reached skill level 5 in Fighting
  9512 | D:8      | Got a faintly glowing pewter amulet
  9543 | D:8      | Identified the amulet of Miggyotu {rF- rC+ MR+ Regen+
                  | Dex+4} (You found it on level 8 of the Dungeon)
  9581 | D:8      | Reached ** piety under Okawaru
  9629 | D:8      | Reached XP level 10. HP: 56/74 MP: 11/11
  9653 | D:8      | Reached skill level 5 in Long Blades
  9837 | D:8      | Noticed Prince Ribbit
  9847 | D:8      | Killed Prince Ribbit
 10314 | D:9      | Found a radiant altar of Vehumet.
 10314 | D:9      | Found a shattered altar of Ashenzari.
 10318 | D:9      | Found a sparkling altar of Nemelex Xobeh.
 10318 | D:9      | Found a blossoming altar of Fedhas.
 10331 | D:9      | Reached skill level 5 in Dodging
 10345 | D:9      | Reached *** piety under Okawaru
 10505 | D:9      | Found a staircase to the Orcish Mines.
 10646 | D:9      | Reached skill level 5 in Invocations
 10705 | D:9      | Received a gift from Okawaru
 10862 | D:9      | Found a staircase to the Lair.
 10998 | D:9      | Found a snail-covered altar of Cheibriados.
 11016 | D:10     | Entered Level 10 of the Dungeon
 11087 | Orc:1    | Entered Level 1 of the Orcish Mines
 11303 | Orc:1    | Reached **** piety under Okawaru
 11479 | Orc:2    | Entered Level 2 of the Orcish Mines
 11515 | Orc:2    | Noticed an orc high priest
 11517 | Orc:2    | Noticed an orc high priest
 11528 | Orc:2    | Noticed an orc high priest
 11530 | Orc:2    | Noticed an orange demon
 11531 | Orc:2    | Killed an orc high priest
 11531 | Orc:2    | Gained mutation: You are robust. (+10% HP) [demonic
                  | ancestry]
 11531 | Orc:2    | Reached XP level 11. HP: 67/89 MP: 15/15
 11537 | Orc:2    | Noticed a soul eater
 11537 | Orc:2    | Killed an orc high priest
 11908 | Orc:2    | Killed an orc high priest
 12166 | Orc:2    | Noticed an orc high priest
 12232 | Orc:1    | Reached ***** piety under Okawaru
 12281 | Orc:2    | Noticed a soul eater
 12378 | Orc:2    | Noticed Sonja
 12470 | Orc:2    | Noticed a soul eater
 12474 | Orc:2    | Noticed an orc knight
 12495 | Orc:2    | Found Vadel's Gadget Boutique.
 12495 | Orc:2    | Found Bikhlin's Jewellery Shop.
 12495 | Orc:2    | Found Leoti's Antique Weapon Shop.
 12499 | Orc:2    | Found Ustrar's Jewellery Boutique.
 12539 | Orc:2    | Bought the amulet "Ziasewat" {Regen+ Slay+3} for 545 gold
                  | pieces
 12988 | Orc:2    | Noticed Sonja
 12988 | Orc:2    | Sonja changed into Sonja the water moccasin
 12990 | Orc:2    | Noticed an orc knight
 12992 | Orc:2    | Killed Sonja the water moccasin
 13312 | Orc:2    | Killed an orc knight
 13347 | Orc:2    | Killed an orc high priest
 13967 | Orc:2    | Found a staircase to the Elven Halls.
 13990 | Orc:2    | Noticed an orc sorcerer
 14008 | Orc:2    | Killed an orc sorcerer
 14365 | Orc:2    | Noticed Nessos
 14383 | Orc:2    | Shot with an arrow by Nessos

Levels and vault maps discovered:
D:1:      wander_arrival_desolate, layout_loops_corners, lexackson_kobold_supper
D:2:      layout_basic, serial_forest, infiniplex_forest_clump_small,
          infiniplex_forest_lined_2, infiniplex_forest_lined_3,
          infiniplex_forest_zigzag_1, infiniplex_forest_clump_small,
          infiniplex_forest_lined_room_, infiniplex_forest_straight_4,
          uniq_terence
D:3:      layout_basic, marbit_many_paths, st_stairs_11,
          kennysheep_generic_room_3
D:4:      layout_loops_ring, first_ration, serial_shops,
          nicolae_shop_behind_doors
D:5:      layout_cave_pods, serial_shops, nicolae_shop_behind_doors
D:6:      layout_layer_cave, serial_shops, shop, nicolae_shop_behind_doors,
          nicolae_shop_behind_doors, uniq_grinder
D:7:      layout_loops_corners, zin_academy, nicolae_overflow_hidden_temple,
          minmay_temple_entry_mini_moons, nicolae_ossuary_entry_plus
D:8:      layout_loops_ring, the_bakery, uniq_prince_ribbit1
D:9:      layout_big_octagon, kennysheep_mini, grunt_temple_overflow_open,
          due_lair_maze_entry_diamond, orc_0_dummy, kennysheep_nondescript
D:10:     cheibrodos_shockbox, layout_rooms, uniq_maurice
Temple:   nicolae_temple_great_sept
Orc:1:    layout_caves
Orc:2:    st_orc_mages, layout_caves, minmay_orc_treasury, uniq_sonja,
          uniq_nessos, uniq_azrael
Ossuary:  minmay_ossuary_two_tombs

Skill      XL: |  1  2  3  4  5  6  7  8  9 10 11 |
---------------+----------------------------------+-----
Dodging        | 1 2 3 4 5 6 |  6.7
Stealth        | 4 5 6 7 8 |  8.2
Short Blades   | 2 3 4 5 7 |  7.5
Throwing       | 2 |  2.6
Armour         | 1 2 |  2.9
Fighting       | 3 4 5 6 7 |  7.7
Long Blades    | 2 4 7 8 |  8.8
Invocations    | 2 6 8 |  8.4
Evocations     | |  0.4

Action                   |  1- 3 |  4- 6 |  7- 9 | 10-12 || total
-------------------------+-------+-------+-------+-------++-------
Melee: Dagger            |   110 |   127 |       |     6 ||   243
       Short sword       |       |    82 |   215 |       ||   297
       Falchion          |       |       |   263 |   589 ||   852
       Punch             |       |       |       |     2 ||     2
 Fire: Blowgun           |     7 |     9 |       |     3 ||    19
Throw: Tomahawk          |       |     2 |     8 |       ||    10
       Javelin           |       |       |       |     5 ||     5
Invok: Heroism           |       |       |       |     5 ||     5
       Finesse           |       |       |       |     1 ||     1
Evoke: Wand              |       |       |       |     6 ||     6
  Use: Scroll            |     2 |     2 |     4 |     5 ||    13
       Potion            |       |     1 |     6 |     4 ||    11
 Stab: Sleeping          |     8 |    15 |    22 |    15 ||    60
  Eat: Ration            |     1 |     2 |     4 |     4 ||    11
       Chunk             |       |     3 |       |     6 ||     9
Armor: Robe              |    19 |       |       |       ||    19
       Ring mail         |    16 |    71 |   189 |   230 ||   506
Dodge: Dodged            |    68 |    97 |   297 |   533 ||   995
       Rpst.: Falchion   |       |       |    61 |   134 ||   195

Table legend:
 A = Non-vault XP
 B = Vault XP
 C = Vault XP percentage of total XP
 D = Non-vault monster count
 E = Vault monster count
 F = Vault count percentage of total count
                 A         B        C        D         E       F
            +---------+---------+-------+---------+---------+-------
      Total |   11624 |    8673 |  42.7 |     273 |     104 |  27.6
            +---------+---------+-------+---------+---------+-------
        D:1 |      36 |       9 |  20.0 |      23 |       5 |  17.9
        D:2 |      71 |      38 |  34.9 |      28 |       1 |   3.4
        D:3 |     275 |      10 |   3.5 |      21 |       5 |  19.2
        D:4 |     360 |       0 |   0.0 |      17 |       0 |   0.0
        D:5 |     867 |       0 |   0.0 |      25 |       0 |   0.0
        D:6 |     115 |     286 |  71.3 |      13 |       1 |   7.1
        D:7 |     952 |       0 |   0.0 |      19 |       0 |   0.0
        D:8 |    3049 |     510 |  14.3 |      40 |       2 |   4.8
        D:9 |    1746 |    1203 |  40.8 |      31 |      10 |  24.4
      Orc:1 |    1837 |     734 |  28.5 |      26 |      11 |  29.7
      Orc:2 |    2316 |    5389 |  69.9 |      30 |      33 |  52.4
    Ossuary |       0 |     494 | 100.0 |       0 |      36 | 100.0
            +---------+---------+-------+---------+---------+-------
